 Seeded DCSS version 0.31-a0-986-g5e6e4ef867 (webtiles) character file.

Game seed: 5200550829900917827 (custom seed)

51 timneilson the Ruffian (level 3, 0/24 HPs)
             Began as an Octopode Shapeshifter on Nov 15, 2023.
             Splashed by a jelly's acid (2 damage)
             ... on level 3 of the Dungeon.
             The game lasted 00:02:28 (1319 turns).

timneilson the Ruffian (Octopode Shapeshifter)      Turns: 1319, Time: 00:02:28

Health: 0/24       AC: -7    Str: 15    XL:     3   Next: 81%
Magic:  3/3        EV: 13    Int: 12    God:
Gold:   93         SH:  0    Dex: 11    Spells: 3/3 levels left

rFire   . .          .
                       - Unarmed
rCold   . . .        (no shield)
rNeg    . . .        (helmet currently unavailable)
rPois   .            g - amulet of regeneration
rElec   .            (no ring)
rCorr   .            (no ring)
SInv    .            (no ring)
Will    .....        (no ring)
Stlth   +++          (no ring)
HPRegen 1.04/turn    (no ring)
MPRegen 0.08/turn    (no ring)
                     (no ring)

%: no passive effects
@: beast-form, corroded
A: beast (slay +1), almost no armour, amphibious, 8 rings, camouflage 1,
gelatinous body 1, (nimble swimmer 1), tentacles
a: Begin Untransformation


You were on level 3 of the Dungeon.
You were a hulking beast.
You visited 1 branch of the dungeon, and saw 3 of its levels.

You collected 93 gold pieces.

Inventory:

Missiles
 h - a throwing net
Jewellery
 g - an amulet of regeneration (around mantle)
Talismans
 b - a beast talisman
 c - a flux talisman
Wands
 i - a wand of flame (16)
Scrolls
 f - a scroll of teleportation {unknown}
 k - a scroll of enchant armour {unknown}
Potions
 a - a potion of lignification
 d - a potion of haste
 e - a potion of degeneration {unknown}
 j - 2 potions of curing


   Skills:
 * Level 1.8 Fighting
 * Level 2.4 Dodging
 + Level 1.2 Stealth
 * Level 3.3 Unarmed Combat
 + Level 0.5 Spellcasting
 * Level 3.3 Shapeshifting


You had 3 spell levels left.
You didn't know any spells.
Your spell library contained the following spells:

 Spells                   Type           Power      Damage    Failure   Level
 Apportation              Tloc           0%         N/A       32%         1
 Jinxbite                 Hex            0%         N/A       43%         2
 Alistair's Intoxication  Tmut/Pois      0%         N/A       100%        5


Dungeon Overview and Level Annotations

Branches:
Dungeon (3/15)

Altars:


Innate Abilities, Weirdness & Mutations

You are a hulking beast.
Your limbs bulge with bestial killing power. (Slay +1)
You cannot wear most types of armour.
You are amphibious.
You can wear up to eight rings at the same time.
Your skin changes colour to match your surroundings (Stealth+).
Your rubbery body absorbs attacks. (AC +1, EV +1)
((You are camouflaged when in or above water. (Stealth+)))
You have tentacles for arms and can constrict up to eight enemies at once.


Message History

You tentacle-slap the rat. You grab the rat.
The rat is moderately wounded.
You constrict the rat.
You kill the rat!
A rat comes into view.
An adder comes into view.
You tentacle-slap the rat.
You kill the rat!
Found a long jewelled staff.
Found a leather armour.
The helpless adder fails to defend itself.
You tentacle-slap the adder. Your grab misses the adder. You squeeze the adder.
You kill the adder!
Found a stone staircase leading down.
You see here a staff of cold.
You open the door.
Found a scroll labelled ANUOSE GIOCH.
There is an open door here.
k - a scroll labelled ANUOSE GIOCH You open the door.
There is an open door here.
A worm comes into view.
Found 8 gold pieces.
The helpless worm fails to defend itself.
You tentacle-slap the worm. You grab the worm. You squeeze the worm!
The worm is severely wounded.
You constrict the worm. You tentacle-slap the worm.
You kill the worm!
You now have 93 gold pieces (gained 8).
A jelly and a dart slug come into view.
The jelly quivers.
The jelly hits you. The acid corrodes you!
You are splashed with acid!
You tentacle-slap the jelly.
Your tentacles burn!
You squeeze the jelly!
The jelly is severely wounded.
The jelly hits you. The acid corrodes you!
You are splashed with acid!
* * * LOW HITPOINT WARNING * * *
You tentacle-slap the jelly but do no damage.
Your tentacles burn!
You die...

# .## ###.# ... ..#.#
#.# #.#.# # ##.## #.#.#
.# #...#### #.#.#####.#
##.#....###.#.......###
......................+
##...##.########...####
##.###.### #h.##
#........# #J##
#.##.###.# #w. #.##.#
#.# #... #.##.###.#
#...# ##........# .....
....#.##### .#.#..
......# . ..... ###.###


You could see a jelly and a dart slug.

Vanquished Creatures
  2 adders
  A worm (D:3)
  2 endoplasms (D:2)
  2 giant cockroaches (D:2)
  3 goblins (D:1)
  3 hobgoblins
  4 kobolds (D:2)
  3 ball pythons
  2 bats (D:1)
  A frilled lizard (D:1)
  8 rats
31 creatures vanquished.

Notes
Turn   | Place    | Note
-------+----------+-------------------------------------------
     0 | D:1      | timneilson the Octopode Shapeshifter began the quest for
                  | the Orb.
     0 | D:1      | Reached XP level 1. HP: 13/13 MP: 1/1
   145 | D:1      | Reached XP level 2. HP: 18/18 MP: 2/2
   590 | D:2      | Found a faded altar of an unknown god.
   824 | D:2      | Reached skill level 1 in Stealth
   824 | D:2      | Reached XP level 3. HP: 24/24 MP: 3/3
  1319 | D:3      | Splashed by a jelly's acid

Illustrated notes

Levels and vault maps discovered:
D:1:      giann_horns, layout_basic
D:2:      layout_loops_ring, hellmonk_ecumenical_altar_pennies_from_heaven
D:3:      layout_loops_corners, serial_shops, shop

Skill      XL: |  1  2 |
---------------+-------+-----
Stealth        | 1 |  1.2
Fighting       | |  1.8
Dodging        | |  2.4
Unarmed Combat | |  3.3
Spellcasting   | |  0.5
Shapeshifting  | |  3.3

Action                     || total
---------------------------++-------
  Melee: Unarmed           ||    60
         Constrict         ||    13
         Tentacles         ||     9
         Punch             ||     2
    Use: Scroll            ||     2
   Stab: Sleeping          ||     8
 Armour: Skin              ||    20
  Dodge: Dodged            ||    23

Table legend: (Time is in decaauts)
 A = Elapsed time spent in this place.
 B = Non-inter-level travel time spent in this place.
 C = Inter-level travel time spent in this place.
 D = Time resting spent in this place.
 E = Time spent auto-exploring this place.
 F = Levels seen in this place.
 G = Mean time per level.
                   A        B        C        D        E       F      G
               +--------+--------+--------+--------+--------+-----+--------+
         Total |   1314 |   1262 |     52 |      0 |   1032 |   3 |  438.0 |
       Dungeon |   1314 |   1262 |     52 |      0 |   1032 |   3 |  438.0 |
               +--------+--------+--------+--------+--------+-----+--------+

Top non-repeatable levels by time:
     D:2: 609 daAuts
     D:1: 584 daAuts
     D:3: 121 daAuts
